 Dungeon Crawl Stone Soup version 0.15.1-3-g1b33baa (webtiles) character file.

168 CrazyArbalest the Shield-Bearer (level 5, -3/36 HPs)
             Began as a Halfling Fighter on Oct 7, 2014.
             Slain by an orc
             ... wielding a +0 flail
              (4 damage)
             ... on Level 4 of the Dungeon.
             The game lasted 00:12:04 (3296 turns).

CrazyArbalest the Shield-Bearer (Halfling Fighter)  Turns: 3296, Time: 00:12:04

HP  -3/36        AC  7     Str 16      XL: 5   Next: 78%
MP   5/5         EV 13     Int  7      God:
Gold 75          SH  6     Dex 15      Spells:  0 memorised,  4 levels left

rFire  . . .     SeeInvis .     a - +0 cutlass
rCold  . . .     Clarity  .     r - +2 leather armour {rPois}
rNeg   . . .     rCorr    .     c - +0 buckler
rPois  +         rRot     .     w - +0 helmet
rElec  .         Spirit   .     (no cloak)
SustAb .         Warding  .     (no gloves)
rMut   .         Stasis   .     v - +0 pair of boots
Gourm  .                        (no amulet)
MR     .....                    (no ring)
                                (no ring)

@: not resistant to hostile enchantments, very unstealthy
A: mutation resistance 1
a: no special abilities


You were on level 4 of the Dungeon.
You were not hungry.

You visited 1 branch of the dungeon, and saw 4 of its levels.

You collected 75 gold pieces.

Inventory:

Hand weapons
 a - a +0 cutlass (weapon)
 f - a +0 hunting sling
 A - a cursed -2 short sword
Missiles
 g - 75 stones (quivered)
 E - 21 sling bullets
Armour
 b - a +0 scale mail
 c - a +0 buckler (worn)
 r - a +2 leather armour of poison resistance (worn)
 u - a +2 robe of magic resistance
 v - a +0 pair of boots (worn)
 w - a +0 helmet (worn)
Magical devices
 y - a wand of slowing (0)
Comestibles
 d - 8 bread rations
 i - 3 meat rations
 k - 2 fruits
 s - a beef jerky
 C - a chunk of hobgoblin flesh
 G - a chunk of giant mite flesh
 I - a rotting chunk of giant gecko flesh
 K - a chunk of giant cockroach flesh
 L - 2 rotting chunks of goblin flesh
Scrolls
 j - a scroll of recharging {unknown}
 o - 2 scrolls of identify {unknown}
 p - 3 scrolls of remove curse {unknown}
 x - a scroll of teleportation {unknown}
 B - 3 scrolls of enchant armour {unknown}
 D - a scroll of enchant weapon {unknown}
 F - a scroll of random uselessness {unknown}
Jewellery
 t - a cursed ring of loudness {unknown}
Potions
 e - a potion of might
 h - 3 potions of mutation {unknown}
 l - 2 potions of cancellation {unknown}
 m - 2 potions of invisibility {unknown}
 n - 3 potions of curing {unknown}
 q - 2 potions of flight {unknown}
 z - 2 potions of heal wounds {unknown}
 H - a potion of beneficial mutation {unknown}
 J - a potion of agility {unknown}


   Skills:
 + Level 3.3 Fighting
 + Level 3.6 Short Blades
 * Level 1.3 Slings
 + Level 4.1 Armour
 + Level 2.4 Dodging
 + Level 4.1 Shields


You had 4 spell levels left.
You didn't know any spells.

Dungeon Overview and Level Annotations

Branches:
Dungeon (4/15)
 Temple: D:4-7

Altars:
Cheibriados
Kikubaaqudgha
The Shining One


Innate Abilities, Weirdness & Mutations

You are small and have problems with some larger weapons.
You are somewhat resistant to further mutation.


Message History

You destroy the hobgoblin skeleton!
The giant gecko closely misses you.
You hit the orc but do no damage. You block the giant gecko's attack.
You block the orc's attack.
You hit the orc.
The orc is severely wounded.
The giant gecko misses you. The orc hits you with a flail.
The giant gecko closely misses you.
You hit the orc but do no damage.
The orc is severely wounded.
The orc priest mumbles some strange prayers to Beogh against you.
Something smites you!
* * * LOW HITPOINT WARNING * * *
You block the giant gecko's attack. The orc misses you.
You hit the orc but do no damage.
The orc is severely wounded.
The giant gecko bites you.
* * * LOW HITPOINT WARNING * * *
The orc hits you with a flail.
You die...

.....
.##### .
#. .o.
.### #o#
#.# # #o#
#.##.# #.#
#.o..# #o#
#@# #<#
#l# #.#
#o# #.#
#o######.#
#o....o..#
##########


You could see 2 orc priests, 2 orcs and a giant gecko.

Vanquished Creatures
  Jessica (D:3)
  Terence (D:3)
  4 adders (D:2)
  A giant mite (D:4)
  A worm (D:2)
  6 giant geckos
  2 orcs
  6 bats
  6 giant cockroaches
  12 hobgoblins
  4 jackals (D:2)
  9 kobolds
  An ooze (D:1)
  5 giant newts
  12 goblins
  A hobgoblin skeleton (D:4)
  3 rats
75 creatures vanquished.

Vanquished Creatures (others)
  A giant newt (D:1)
1 creature vanquished.

Grand Total: 76 creatures vanquished

Notes
Turn   | Place    | Note
--------------------------------------------------------------
     0 | D:1      | CrazyArbalest, the Halfling Fighter, began the quest for the Orb.
     0 | D:1      | Reached XP level 1. HP: 15/15 MP: 1/1
   296 | D:1      | Reached XP level 2. HP: 20/20 MP: 2/2
   594 | D:1      | Reached XP level 3. HP: 22/26 MP: 3/3
  1097 | D:2      | Reached skill level 1 in Dodging
  1138 | D:2      | Reached XP level 4. HP: 20/31 MP: 4/4
  1196 | D:2      | Reached skill level 4 in Shields
  1745 | D:2      | Found an ancient bone altar of Kikubaaqudgha.
  1851 | D:2      | Found a snail-covered altar of Cheibriados.
  2007 | D:2      | Reached XP level 5. HP: 36/36 MP: 5/5
  2164 | D:3      | Noticed Jessica
  2212 | D:3      | Killed Jessica
  2614 | D:3      | Noticed Terence
  2646 | D:3      | Killed Terence
  2750 | D:3      | Found a glowing golden altar of the Shining One.
  2876 | D:3      | Reached skill level 1 in Slings
  3295 | D:4      | HP: 1/36 [orc priest/divine providence (14)]
  3296 | D:4      | Slain by an orc

Action                   |  1- 3 |  4- 6 || total
-------------------------+-------+-------++-------
Melee: Cutlass           |   160 |   192 ||   352
 Fire: Hunting sling     |       |     6 ||     6
Throw: Stone             |       |    46 ||    46
  Eat: Chunk             |     1 |     7 ||     8
